AoeStats
← Red Calypso

Highland

506939298Analyzed
4v4 RM · 17d ago on Sep 15, 2026· 45m 10s· 8 players
Game mode
Random Map
Map size
Large (8 player)
Population
200
Speed
Normal
Resources
Standard
Victory
Conquest
Starting age
Dark Age
Ending age
Imperial Age
RankedLock teamsTeams togetherTeam positionsShared explorationLock speedFull tech treeHidden civsTurbo modeCheats
Victory
Defeat
🇨🇳 Spanish · China
1491
+12
🇨🇳 Mongols · China
1438
+14
🇹🇷 Berbers · Türkiye
1432
+14
🇹🇷 Magyars · Türkiye
1419
+15
🇦🇹 Vikings · Austria
1487
-18
🇩🇪 Malay · Germany
1421
-15
🇩🇪 Spanish · Germany
1399
-14
🇮🇹 Dravidians · Italy
1252
-8
klostrofobikköstebek
7:49 Loom
10:12 Feudal Age
16:17 Castle Age
14:37 Horse Collar
14:43 Double-Bit Axe
18:03 Wheelbarrow
18:21 Heavy Plow
18:52 Bow Saw
21:07 Fletching
24:32 Padded Archer Armor
26:55 Gold Mining
31:10 Imperial Age
28:56 Hand Cart
29:53 Gold Shaft Mining
29:08 Stone Mining
30:20 Bloodlines
30:14 Bodkin Arrow
31:13 Husbandry
31:30 Leather Archer Armor
34:00 Ring Archer Armor
33:31 Bracer
34:12 Crop Rotation
34:07 Maghrebi Camels
35:21 Elite Camel Archer
36:21 Conscription
37:13 Chemistry
36:34 Ballistics
37:08 Stone Shaft Mining
36:44 Kasbah
38:41 Scale Barding Armor
38:46 Forging
38:01 Light Cavalry
44:11 Town Watch
木薯大王
9:32 Feudal Age
10:44 Double-Bit Axe
13:57 Castle Age
12:14 Horse Collar
21:30 Wheelbarrow
21:36 Bow Saw
22:09 Heavy Plow
22:58 Gold Mining
28:28 Imperial Age
26:04 Stone Mining
27:25 Gold Shaft Mining
27:09 Hand Cart
26:44 Loom
26:45 Town Watch
28:15 Fletching
28:25 Padded Archer Armor
29:13 Gold Shaft Mining
28:34 Capped Ram
29:41 Conscription
30:35 Chemistry
29:55 Ballistics
29:40 Bodkin Arrow
30:00 Leather Archer Armor
30:03 Husbandry
30:14 Bloodlines
30:54 Bracer
31:03 Thumb Ring
31:42 Parthian Tactics
31:47 Elite Mangudai
34:17 Drill
33:40 Siege Ram
39:03 Nomads
40:22 Coinage
41:38 Banking
41:49 Forging
41:44 Scale Barding Armor
41:49 Light Cavalry
43:07 Iron Casting
43:04 Hussar
45:13 Chain Barding Armor
46:35 Blast Furnace
Tameryig1t
11:20 Feudal Age
10:50 Loom
14:33 Scale Barding Armor
16:00 Wheelbarrow
15:39 Bloodlines
25:30 Castle Age
25:06 Horse Collar
25:12 Double-Bit Axe
31:07 Stone Mining
31:51 Husbandry
36:06 Caravan
36:36 Coinage
37:05 Hand Cart
37:39 Chain Barding Armor
38:12 Gold Mining
37:57 Light Cavalry
42:34 Imperial Age
43:02 Corvinian Army
43:40 Conscription
42:44 Elite Magyar Huszar
44:01 Plate Barding Armor
第一滴血
10:12 Feudal Age
16:19 Castle Age
15:03 Double-Bit Axe
14:59 Horse Collar
25:00 Padded Archer Armor
29:45 Wheelbarrow
28:57 Loom
34:38 Imperial Age
33:28 Gold Mining
33:49 Bow Saw
33:57 Bloodlines
37:09 Husbandry
36:30 Light Cavalry
37:16 Scale Barding Armor
37:22 Forging
37:29 Hand Cart
37:14 Cavalier
39:04 Chain Barding Armor
39:22 Iron Casting
38:39 Paladin
40:06 Town Watch
40:58 Plate Barding Armor
41:24 Blast Furnace
40:57 Coinage
42:05 Conscription
42:07 Supremacy
42:50 Two-Man Saw
41:42 Stone Mining
43:16 Heavy Plow
44:32 Fletching
44:57 Leather Archer Armor
44:43 Scale Mail Armor
44:52 Caravan
Red Calypso
7:01 Loom
10:09 Feudal Age
11:41 Double-Bit Axe
17:33 Fletching
24:58 Castle Age
22:54 Horse Collar
25:55 Bow Saw
29:00 Forging
28:51 Scale Mail Armor
30:56 Chain Mail Armor
31:17 Iron Casting
30:46 Squires
30:32 Arson
30:53 Gold Mining
31:06 Heavy Plow
37:22 Fortified Wall
37:58 Ballistics
37:00 Crossbowman
38:42 Masonry
38:56 Bodkin Arrow
40:33 Padded Archer Armor
41:10 Stone Mining
42:41 Leather Archer Armor
Aremenius
10:27 Feudal Age
14:16 Castle Age
13:04 Double-Bit Axe
15:14 Bow Saw
16:45 Fishing Lines
18:01 Town Watch
19:39 Loom
21:55 Wheelbarrow
22:56 Gillnets
27:04 Imperial Age
25:24 Horse Collar
26:03 Padded Archer Armor
26:56 Inquisition
27:14 Leather Archer Armor
27:25 Husbandry
28:56 Ring Archer Armor
30:04 Fletching
30:54 Elite Conquistador
33:02 Chemistry
32:48 Bloodlines
34:52 Fortified Wall
34:38 Murder Holes
34:54 Masonry
35:58 Cavalier
36:44 Scale Barding Armor
36:35 Bodkin Arrow
36:58 Pikeman
37:40 Bodkin Arrow
38:14 Ballistics
37:35 Paladin
38:24 Bracer
38:46 Chain Barding Armor
38:12 Elite Skirmisher
40:03 Two-Man Saw
39:42 Forging
43:38 Guilds
44:32 Iron Casting
44:33 Plate Barding Armor
LukasPlanet
5:27 Loom
12:05 Feudal Age
12:13 Double-Bit Axe
12:09 Horse Collar
14:01 Fishing Lines
18:31 Forging
21:15 Castle Age
20:01 Gold Mining
20:45 Gillnets
22:30 Bow Saw
23:14 Wheelbarrow
22:24 Town Watch
24:54 Gold Shaft Mining
26:00 Hand Cart
25:45 Town Patrol
29:14 Imperial Age
28:28 Coinage
28:44 Stone Mining
30:01 Chemistry
29:17 Careening
29:56 Banking
29:36 Guilds
32:01 Town Patrol
33:01 Shipwright
35:13 Scale Barding Armor
35:43 Iron Casting
35:14 Husbandry
35:21 Elite Cannon Galleon
39:25 Blast Furnace
37:59 Elite Battle Elephant
39:15 Medium Warships
41:28 Heavy Warships
42:04 Thalassocracy
42:25 Conscription
42:09 Forced Levy
Dagoth_Ur
6:10 Loom
10:39 Feudal Age
18:33 Castle Age
16:21 Double-Bit Axe
17:27 Horse Collar
19:31 Bow Saw
21:24 Squires
21:58 Fletching
22:09 Padded Archer Armor
22:16 Elite Skirmisher
34:17 Wheelbarrow
37:04 Imperial Age
35:19 Hand Cart
35:11 Man-at-Arms
Connection lost

Rejoining the realm…

Still unreachable

The connection could not be restored.

Session expired

The server has moved on; the page needs a fresh start.